 Dungeon Crawl Stone Soup version 0.31-a0-1591-g515db51633 (webtiles) character file.

Game seed: 5707233506481938056

1513 Conn the Sneak (level 8, 0/46 HPs)
             Began as an Octopode Fire Elementalist on Jan 6, 2024.
             Was a Follower of Sif Muna.
             Slain by an orc warrior
             ... wielding a +0 war axe
              (16 damage)
             ... on level 7 of the Dungeon.
             The game lasted 00:11:48 (6262 turns).

Conn the Sneak (Octopode Fire Elementalist)         Turns: 6262, Time: 00:11:49

Health: 0/46       AC:  1    Str:  6 (7)  XL:     8   Next: 83%
Magic:  3/15       EV: 19    Int: 18 (20) God:    Sif Muna [*.....]
Gold:   326        SH:  0    Dex: 10 (12) Spells: 6/16 levels left

rFire   . . .        d - staff of alchemy
rCold   + . .        (no shield)
rNeg    . . .        (helmet restricted)
rPois   +            (no amulet)
rElec   .            h - +5 ring of evasion
rCorr   .            s - ring of protection from cold
SInv    .            y - ring of poison resistance
Will    .....        (no ring)
Stlth   ++           (no ring)
HPRegen 0.27/turn    (no ring)
MPRegen 0.14/turn    (no ring)
                     (no ring)

%: no passive effects
@: confused, ambrosia-drunk
A: almost no armour, amphibious, 8 rings, camouflage 1, gelatinous body 1,
(nimble swimmer 1), tentacles
a: Renounce Religion, Channel Magic


You were on level 7 of the Dungeon.
You worshipped Sif Muna.
Sif Muna was aware of your devotion.
You visited 2 branches of the dungeon, and saw 8 of its levels.

You collected 326 gold pieces.

Inventory:

Hand Weapons
 w - a +1 scimitar of electrocution
Missiles
 t - 10 atropa-tipped darts
Magical Staves
 d - a staff of alchemy (weapon)
Jewellery
 h - a +5 ring of evasion (left tentacle)
 s - a ring of protection from cold (right tentacle)
 y - a ring of poison resistance (on tentacle)
Wands
 r - a wand of roots (2)
 x - a wand of digging (1)
Scrolls
 b - 2 scrolls of fear {unknown}
 c - 2 scrolls of noise {unknown}
 e - 5 scrolls of identify {unknown}
 i - a scroll of blinking {unknown}
 j - a scroll of teleportation {unknown}
 l - 2 scrolls of immolation {unknown}
Potions
 a - 3 potions of magic
 f - a potion of might {unknown}
 g - 3 potions of curing
 k - a potion of haste {unknown}
 n - a potion of heal wounds {unknown}
 o - a potion of lignification {unknown}
 p - a potion of invisibility {unknown}
 q - a potion of attraction {unknown}
 u - 3 potions of degeneration
 v - a potion of enlightenment {unknown}


   Skills:
 + Level 5.1 Dodging
 + Level 7.2 Stealth
 + Level 4.7 Spellcasting
 + Level 4.7 Conjurations
 + Level 5.6 Fire Magic


You had 6 spell levels left.
You knew the following spells:

 Your Spells              Type           Power      Damage    Failure   Level
a - Foxfire               Conj/Fire      88%        2x1d8     1%          1
b - Scorch                Fire           48%        2d7       1%          2
c - Inner Flame           Hex/Fire       14%        N/A       13%         3
d - Flame Wave            Conj/Fire      22%        2d8       16%         4

Your spell library contained the following spells:

 Spells                   Type           Power      Damage    Failure   Level
 Shock                    Conj/Air       48%        1d6       5%          1
 Volatile Blastmotes      Fire/Tloc      28%        2d12      13%         3
 Freeze                   Ice            16%        1d4       14%         1
 Slow                     Hex            16%        N/A       14%         1
 Hailstorm                Conj/Ice       12%        3d6       16%         3
 Confusing Touch          Hex            4%         N/A       38%         3
 Frozen Ramparts          Ice            8%         1d2       38%         3
 Sigil of Binding         Hex            4%         N/A       38%         3
 Swiftness                Air            4%         N/A       38%         3
 Vampiric Draining        Necr           4%         2d6       38%         3
 Airstrike                Air            2%         2d(1-17)  80%         4


Dungeon Overview and Level Annotations

Branches:
Dungeon (7/15)             Temple (1/1) D:4

Altars:
Ashenzari
Dithmenos
Fedhas
Gozag
Hepliaklqana
Makhleb
Nemelex Xobeh
Qazlal
Sif Muna
Trog
Uskayaw
Wu Jian
Xom
Yredelemnul
The Shining One

Annotations:
D:3 Natasha
D:6 Maggie


Innate Abilities, Weirdness & Mutations

You cannot wear most types of armour.
You are amphibious.
You can wear up to eight rings at the same time.
Your skin changes colour to match your surroundings (Stealth+).
Your rubbery body absorbs attacks. (AC +1, EV +1)
((You are camouflaged when in or above water. (Stealth+)))
You have tentacles for arms and can constrict up to eight enemies at once.


Message History

Confirm with . or Enter, or press ? or * to list all spells.
Flames lash the scorpion.
The scorpion is almost dead.
The scorpion's fire resistance burns away.
An orc priest comes into view. It is wielding a +0 club.
The scorpion stings you.
Casting: Scorch (safe; 2% risk of failure)
Confirm with . or Enter, or press ? or * to list all spells.
You don't have enough magic to cast this spell.
Casting: Scorch (safe; 2% risk of failure)
Confirm with . or Enter, or press ? or * to list all spells.
Flames lash the scorpion.
The scorpion is burned terribly!
You kill the scorpion!
Sif Muna accepts your kill.
The orc priest shouts!
The orc warrior misses you.
You hit the orc warrior. Your grab misses the orc warrior.
You squeeze the orc warrior, but do no damage.
The orc warrior is severely wounded.
An orc priest comes into view. It is wielding a +0 dagger.
You barely miss the orc warrior. You grab the orc warrior.
The orc warrior is severely wounded.
You constrict the orc warrior, but do no damage.
The orc warrior is no longer more vulnerable to fire.
The orc warrior hits you with a +0 war axe!
The orc priest mumbles some strange prayers to Beogh against you.
Beogh smites you!
* * * LOW HITPOINT WARNING * * *
Unknown command.
Unknown command.
Unknown command.
Unknown command.
You are confused.
You feel invigorated.
You constrict the orc warrior, but do no damage.
The orc priest invokes the aid of Beogh against you.
You hear some strange, mumbled words.
Something tries to affect you, but you resist.
The orc warrior hits you with a +0 war axe!
You die...

####. ......#
.###### ..##..#
....<.$####..#..##
.o...#.o.......#..
..#...@.(........
#.o............##
...........†.....#
.#....:##.........
#..#.##..........
#..#...<........#
#............##>.
..##..<......# #
.............


You could see an orc warrior and 2 orc priests.

Vanquished Creatures
  Pikel (D:4)
  A water moccasin (D:7)
  2 black bears (D:5)
  A phantom (D:5)
  2 scorpions
  A howler monkey (D:7)
  2 hounds (D:5)
  2 orc priests (D:6)
  Crazy Yiuf (D:4)
  A jelly (D:5)
  A sleepcap (D:5)
  Jessica (D:3)
  Terence (D:3)
  Natasha (twice) (D:3)
  2 orc wizards
  8 adders
  5 ribbon worms
  3 dart slugs
  17 orcs
  9 ball pythons
  7 endoplasms
  2 giant cockroaches
  11 goblins
  5 hobgoblins
  6 jackals
  2 quokkas
  5 bats
  A frilled lizard (D:1)
  12 kobolds
  3 rats
  A butterfly (D:4)
118 creatures vanquished.

Vanquished Creatures (others)
  306 foxfires
306 creatures vanquished.

Grand Total: 424 creatures vanquished

Notes
Turn   | Place    | Note
-------+----------+-------------------------------------------
     0 | D:1      | Conn the Octopode Fire Elementalist began the quest for the
                  | Orb.
     0 | D:1      | Reached XP level 1. HP: 11/11 MP: 3/3
   340 | D:1      | Reached XP level 2. HP: 11/17 MP: 0/5
   406 | D:1      | Found a faded altar of an unknown god.
   412 | D:1      | Reached skill level 3 in Stealth
  1009 | D:1      | Learned a level 2 spell: Scorch
  1319 | D:1      | Reached XP level 3. HP: 21/21 MP: 1/6
  1903 | D:2      | Reached XP level 4. HP: 27/27 MP: 2/7
  2177 | D:2      | Learned a level 3 spell: Inner Flame
  2701 | D:3      | Noticed Terence
  2812 | D:3      | Noticed Natasha
  2817 | D:3      | Killed Natasha
  2819 | D:3      | Noticed Jessica
  2949 | D:3      | Killed Jessica
  2950 | D:3      | Reached skill level 4 in Stealth
  2950 | D:3      | Reached XP level 5. HP: 31/31 MP: 0/9
  3234 | D:3      | Noticed Natasha
  3244 | D:3      | Killed Natasha
  3249 | D:3      | Noticed Natasha
  3352 | D:4      | Identified the scarf "Cugosoust" {repulsion, rElec Will++}
  3441 | D:4      | Reached XP level 6. HP: 33/36 MP: 4/10
  3557 | D:4      | Noticed Pikel
  3567 | D:4      | Killed Pikel
  3568 | D:4      | Reached skill level 5 in Stealth
  3568 | D:4      | Reached XP level 7. HP: 41/41 MP: 0/12
  3793 | D:4      | Found a staircase to the Ecumenical Temple.
  3803 | Temple   | Entered the Ecumenical Temple
  3813 | Temple   | Became a worshipper of Sif Muna the Loreminder
  4115 | D:4      | Found a runed translucent door.
  4116 | D:4      | Noticed Crazy Yiuf
  4122 | D:4      | Killed Crazy Yiuf
  4444 | D:3      | Reached skill level 6 in Stealth
  4590 | D:3      | Killed Terence
  4830 | D:3      | Reached XP level 8. HP: 46/46 MP: 1/14
  4959 | D:3      | Found a hide-covered altar of Uskayaw.
  5111 | D:5      | Entered Level 5 of the Dungeon
  5125 | D:5      | Learned a level 4 spell: Flame Wave
  5323 | D:5      | Reached skill level 5 in Fire Magic
  6226 | D:6      | Noticed Maggie
  6228 | D:6      | Reached * piety under Sif Muna
  6250 | D:7      | Reached skill level 5 in Dodging
  6250 | D:7      | Reached skill level 7 in Stealth
  6262 | D:7      | Slain by an orc warrior

Illustrated notes

Levels and vault maps discovered:
D:1:      dpeg_arrival_shrine, layout_loops_ring,
          dreamdust_ecumenical_altar_statues
D:2:      layout_basic, kennysheep_generic_room_7
D:3:      layout_basic, nicolae_uskayaw_suspiria, minmay_pentomino_pile,
          uniq_terence, uniq_jessica, uniq_natasha
D:4:      layout_loops_ring, minmay_temple_entry_butterflies,
          uniq_crazy_yiuf_cottage, uniq_pikel
D:5:      layout_loops_cross, kennysheep_cluttered_room
D:6:      layout_basic, vehumet_crystals, zin_angel, serial_shops,
          nicolae_shop_rolling_square, amcnicky_mini_rare_corridor_liquid,
          guppyfry_shop_venom, uniq_maggie
D:7:      layout_rooms, elyvilon_altar_1, lemuel_zombie_altar_kikubaaqudgha
Temple:   nicolae_temple_great_sept

Skill      XL: |  1  2  3  4  5  6  7  8 |
---------------+-------------------------+-----
Stealth        | 3 4 5 6 7 |  7.2
Conjurations   | 2 3 4 |  4.7
Dodging        | 3 4 5 |  5.1
Spellcasting   | 3 4 |  4.7
Fire Magic     | 4 5 |  5.6

Action                     |  1- 3 |  4- 6 |  7- 9 || total
---------------------------+-------+-------+-------++-------
  Melee: Staff             |    14 |     7 |    47 ||    68
         Constrict         |     4 |     3 |    10 ||    17
         Tentacles         |     4 |     2 |    14 ||    20
         Punch             |       |       |     1 ||     1
   Cast: Foxfire           |    68 |    70 |    56 ||   194
         Scorch            |     5 |     7 |    25 ||    37
         Inner Flame       |       |     2 |     5 ||     7
         Flame Wave        |       |       |     1 ||     1
    Use: Potion            |       |       |     4 ||     4
   Stab: Sleeping          |       |     1 |     3 ||     4
 Armour: Skin              |    14 |     6 |    46 ||    66
  Dodge: Dodged            |    17 |     5 |    84 ||   106

Table legend: (Time is in decaauts)
 A = Elapsed time spent in this place.
 B = Non-inter-level travel time spent in this place.
 C = Inter-level travel time spent in this place.
 D = Time resting spent in this place.
 E = Time spent auto-exploring this place.
 F = Levels seen in this place.
 G = Mean time per level.
                   A        B        C        D        E       F      G
               +--------+--------+--------+--------+--------+-----+--------+
         Total |   6280 |   6099 |    181 |    385 |   4358 |   8 |  785.0 |
       Dungeon |   6260 |   6079 |    181 |    385 |   4358 |   7 |  894.3 |
        Temple |     20 |     20 |      0 |      0 |      0 |   1 |   20.0 |
               +--------+--------+--------+--------+--------+-----+--------+

Top non-repeatable levels by time:
     D:2: 1636 daAuts
     D:1: 1251 daAuts
     D:3: 1120 daAuts
     D:4: 1095 daAuts
     D:5: 1048 daAuts
     D:6: 82 daAuts
     D:7: 24 daAuts
  Temple: 20 daAuts
